Map: Deathaura LE

Players

Yoger

  • Race: Zerg Zerg
  • Spawn Location: 11:00

黑羽快斗 (ButAlways) - Winner!

  • Race: Protoss Protoss
  • League: Grandmaster
  • Spawn Location: 5:00

Event: DreamHack SC2 Masters 2020 Fall

VOD

Have the link to the VOD?

Description

Time

  • Played on: Aug. 28, 2020, 10:26 a.m.
  • Length: 10:01

All games in this series

Show
View Real Time Build Order
Export as new Build Order

Yoger Zerg 

Build Orders: Hatch First 

Get SALT Encoding   

  12  0:11  Drone  
  12  0:12  Overlord  
  13  0:17  Drone  
  14  0:32  Drone x2  
  16  0:48  Hatchery  
  15  0:52  Drone  
  17  0:57  Drone  
  17  1:05  Drone  
  18  1:17  Spawning Pool  
  18  1:18  Drone, Extractor  
  17  1:27  Drone  
  18  1:38  Drone  
  19  1:49  Drone  
  20  1:59  Overlord  
  20  2:04  Queen x2, Zergling x2  
  25  2:10  Zergling x2  
  25  2:14  Drone  
  27  2:18  Metabolic Boost  
  27  2:20  Drone  
  28  2:23  Drone  
  29  2:33  Drone  
  30  2:39  Hatchery  
  30  2:42  Drone x2  
  31  2:45  Drone  
  32  2:52  Overlord  
  32  2:57  Drone  
  33  3:02  Drone  
  34  3:06  Drone  
  34  3:13  Queen  
  34  3:15  Drone x3  
  34  3:18  Drone  
  34  3:19  Overlord  
  40  3:24  Spore Crawler  
  40  3:25  Drone  
  40  3:27  Spore Crawler  
  40  3:28  Drone  
  40  3:37  Drone  
  40  3:38  Drone  
  42  3:43  Evolution Chamber  
  42  3:45  Drone x2  
  42  3:47  Overlord  
  43  3:50  Queen  
  43  3:52  Drone x3  
  48  4:00  Overlord  
  48  4:05  Drone, Queen  
  48  4:07  Drone, Spore Crawler  
  51  4:10  Zerg Melee Weapons Level 1  
  51  4:15  Overlord  
  51  4:21  Drone x5  
  51  4:23  Drone  
  57  4:25  Overlord  
  57  4:29  Overlord  
  57  4:32  Overlord  
  57  4:34  Drone x2  
  57  4:38  Drone  
  60  4:41  Overlord  
  60  4:43  Drone  
  60  4:53  Baneling Nest  
  60  4:54  Zergling x10  
  60  4:55  Extractor  
  60  4:56  Queen  
  60  4:58  Zergling x8  
  69  5:07  Zergling x6  
  72  5:16  Hatchery  
  72  5:18  Zergling x6  
  74  5:22  Zergling x10  
  79  5:28  Zergling x2  
  79  5:29  Zergling x4  
  79  5:33  Zergling x4  
  79  5:34  Zergling x2  
  85  5:39  Baneling x12  
  85  5:40  Overlord x2  
  85  5:43  Zergling x4  
  85  5:44  Zergling x2  
  85  5:47  Baneling  
  85  5:48  Zergling x2  
  88  5:59  Drone x6  
  88  6:07  Drone x3  
  88  6:08  Drone x2  
  88  6:10  Lair  
  92  6:12  Drone  
  92  6:13  Drone x3  
  92  6:14  Roach Warren  
  90  6:25  Queen  
  90  6:27  Queen  
  90  6:29  Queen  
  90  6:32  Spore Crawler  
  94  6:33  Spore Crawler  
  93  6:43  Drone  
  93  6:44  Drone  
  93  6:46  Zergling x14, Spore Crawler  
  101  6:49  Spore Crawler  
  101  6:51  Drone x3  
  101  6:53  Extractor  
  103  6:54  Overlord  
  103  6:55  Overlord  
  103  7:01  Overlord  
  103  7:02  Overlord x3  
  102  7:09  Queen, Extractor  
  101  7:16  Queen, Spire  
  98  7:27  Spore Crawler  
  98  7:28  Spore Crawler  
  98  7:29  Queen x2, Spore Crawler  
  91  7:32  Drone x6  
  95  7:39  Drone  
  95  7:40  Drone x2  
  95  7:42  Spore Crawler  
  95  7:44  Drone x5, Extractor  
  98  7:45  Extractor  
  98  7:46  Zergling x8  
  104  7:52  Drone  
  104  7:53  Extractor  
  104  7:54  Drone x2, Extractor  
  105  8:00  Drone x2  
  107  8:06  Baneling x2  
  107  8:07  Baneling x2  
  107  8:10  Baneling x2  
  107  8:11  Baneling x2  
  107  8:13  Queen  
  107  8:15  Zergling x12  
  107  8:18  Queen  
  116  8:23  Baneling x8  
  109  8:32  Zergling x14  
  109  8:33  Zergling x2  
  115  8:37  Baneling x3  
  107  8:45  Corruptor x4  
  105  8:49  Queen  
  105  8:55  Queen  
  94  8:57  Corruptor  
  92  9:03  Corruptor  
  92  9:08  Zergling x14  
  92  9:16  Corruptor  
  89  9:22  Zergling x6  
  86  9:25  Corruptor  
  83  9:39  Zergling x10  
Show
View Real Time Build Order
Export as new Build Order

黑羽快斗 Protoss - Winner!

Build Orders: 1 Gate Expand, Zealot Archon, Carrier Rush 

Get SALT Encoding   

  12  0:00  Probe  
  13  0:12  Probe  
  14  0:17  Pylon  
  14  0:24  Probe  
  15  0:36  Gateway  
  15  0:37  Probe (Chrono Boost)  
  16  0:47  Probe (Chrono Boost)  
  16  0:48  Assimilator  
  17  0:52  Probe (Chrono Boost)  
  18  1:04  Probe  
  19  1:16  Probe  
  20  1:23  Nexus  
  20  1:35  Cybernetics Core  
  20  1:37  Probe  
  21  1:43  Assimilator  
  21  1:49  Probe  
  21  1:53  Pylon  
  22  2:01  Probe (Chrono Boost)  
  23  2:12  Stargate  
  23  2:13  Adept (Chrono Boost), Probe (Chrono Boost)  
  24  2:22  Probe (Chrono Boost)  
  27  2:27  Warp Gate  
  27  2:29  Probe (Chrono Boost)  
  28  2:35  Probe (Chrono Boost)  
  29  2:41  Adept  
  33  2:45  Probe x2 (Chrono Boost)  
  33  2:50  Probe (Chrono Boost)  
  33  2:51  Void Ray (Chrono Boost)  
  33  2:52  Probe  
  39  3:02  Probe  
  39  3:04  Probe  
  41  3:14  Probe  
  41  3:16  Probe  
  43  3:20  Assimilator, Pylon  
  43  3:21  Assimilator  
  43  3:26  Probe  
  44  3:28  Gateway, Probe  
  45  3:38  Probe  
  45  3:40  Probe  
  47  3:41  Fleet Beacon  
  47  3:50  Probe  
  47  3:52  Probe  
  49  3:59  Stargate  
  49  4:01  Pylon  
  49  4:02  Probe  
  50  4:04  Probe  
  50  4:08  Pylon  
  51  4:14  Probe  
  51  4:16  Probe  
  53  4:23  Zealot x2  
  57  4:30  Carrier (Chrono Boost)  
  63  4:36  Pylon  
  68  4:46  Carrier (Chrono Boost)  
  68  4:51  Probe x2  
  70  4:54  Pylon  
  70  5:08  Nexus  
  70  5:18  Carrier (Chrono Boost)  
  76  5:35  Carrier (Chrono Boost)  
  82  5:36  Pylon  
  82  5:40  Twilight Council  
  82  5:45  Pylon  
  82  5:49  Robotics Facility  
  82  5:55  Gateway  
  82  5:57  Sentry  
  82  5:59  Gateway  
  82  6:05  Shield Battery  
  82  6:06  Pylon  
  76  6:13  Pylon  
  76  6:16  Sentry  
  77  6:25  Sentry, Pylon  
  77  6:26  Charge (Chrono Boost)  
  79  6:35  Gateway  
  79  6:37  Warp Prism, Gateway x2  
  81  6:41  Gateway  
  81  6:46  Gateway  
  81  6:53  Templar Archives  
  81  7:05  Zealot x4  
  90  7:28  Zealot x3  
  96  7:32  Pylon  
  96  7:36  Pylon  
  96  7:41  High Templar x3  
  101  7:44  Pylon  
  101  7:45  Archon  
  101  7:51  High Templar  
  103  7:52  Zealot x3  
  103  7:56  Archon  
  109  7:59  Pylon  
  109  8:05  High Templar x2  
  109  8:10  Archon  
  109  8:11  Zealot x2  
  117  8:20  Zealot x4  
  119  8:29  Zealot  
  119  8:32  Zealot x2  
  117  8:37  Zealot  
  115  8:45  Zealot x2  
  105  8:53  Zealot x2  
  97  9:15  Warp Prism (Chrono Boost)  
  95  9:30  High Templar x4  
  95  9:31  High Templar x2  
  107  9:32  Zealot x2  
  107  9:35  Archon x3  
  107  9:36  Zealot  

Tags
 
Add a new tag
Caveats
  • Supply blocks, unpowered buildings, or Contaminate may cause inaccurate times.
  • Supply counts are checked every 10 seconds.